 Seeded DCSS version 0.30.0-29-ga12c61a403 (webtiles) character file.

Game seed: 18007716519941398942 (custom seed)

27873 Dadbod the Severer (level 13, -2/98 HPs)
             Began as a Formicid Fighter on June 5, 2023.
             Was a Priest of Makhleb.
             Slain by a six-headed hydra (6 damage)
             ... on level 5 of the Lair of Beasts on June 6, 2023.
             The game lasted 00:40:20 (11098 turns).

Dadbod the Severer (Formicid Fighter)              Turns: 11098, Time: 00:40:21

Health: -2/98      AC: 15    Str: 33    XL:     13   Next: 69%
Magic:  16/16      EV: 13    Int:  7    God:    Makhleb [***...]
Gold:   819        SH: 13    Dex: 16    Spells: 12/12 levels left

rFire   . . .        e - +8 frozen axe "Frostbite" {freeze, freezing cloud, *Noise Fly rC+}
rCold   + . .        S - +2 kite shield
rNeg    . . .        F - +0 acid dragon scales
rPois   +            (helmet unavailable)
rElec   .            t - +0 cloak
rCorr   +            O - +0 pair of gloves
SInv    +            f - +0 pair of boots of the Secret Planets {-Tele rPois Will+ Dex+3}
Will    ++...        m - amulet of the acrobat
Stlth   +++          v - +4 ring of protection
HPRegen 0.36/turn    y - +6 ring of strength
MPRegen 0.15/turn

%: acrobat
@: mighty, flying
A: permanent stasis, dig shafts and tunnels, antennae 3, four strong arms
a: Dig, Shaft Self, Renounce Religion, Minor Destruction, Lesser Servant of
Makhleb


You were on level 5 of the Lair of Beasts.
You worshipped Makhleb.
Makhleb was most pleased with you.
You visited 3 branches of the dungeon, and saw 16 of its levels.
You also visited: Ice Cave.

You collected 909 gold pieces.
You spent 90 gold pieces at shops.

Inventory:

Hand Weapons
 e - the +8 frozen axe "Frostbite" (weapon) {freeze, freezing cloud, *Noise Fly rC+}
   (You acquired it on level 1 of the Dungeon)

   rC:        It protects you from cold.
   Fly:       It grants you flight.
   *Noise:    It may make noises in combat.
Missiles
 b - 7 throwing nets
 u - a curare-tipped dart
 R - 2 boomerangs (quivered)
Armour
 f - the +0 pair of boots of the Secret Planets (worn) {-Tele rPois Will+ Dex+3}
   (You acquired it on level 1 of the Dungeon)

   Dex:       It affects your dexterity (+3).
   rPois:     It protects you from poison.
   -Tele:     It prevents most forms of teleportation.
   Will:      It increases your willpower.
 g - the scarf of the Zealous Lion {harm, Regen+ Stlth+}
   (You acquired it on level 1 of the Dungeon)

   Regen:     It increases your rate of health regeneration.
   Stlth:     It makes you more stealthy.
 t - a +0 cloak (worn)
 F - +0 acid dragon scales (worn)
 O - a +0 pair of gloves (worn)
 S - a +2 kite shield (worn)
Jewellery
 c - a ring of protection from fire
 l - an amulet of faith
 m - an amulet of the acrobat (around neck)
 v - a +4 ring of protection (left hand)
 x - a ring of willpower
 y - a +6 ring of strength (right hand)
 C - a ring of positive energy
 H - an amulet of guardian spirit
 N - a ring of fire
Wands
 k - a wand of roots (3)
 E - a wand of polymorph (13)
 G - a wand of paralysis (6)
 I - a wand of mindburst (12)
 L - a wand of flame (1)
 U - a wand of light (7)
 V - a wand of digging (7)
Scrolls
 a - 2 scrolls of fog
 n - a scroll of silence
 o - 2 scrolls of butterflies
 p - 2 scrolls of enchant armour
 q - 2 scrolls of brand weapon
 r - 2 scrolls of immolation
 s - a scroll of poison {unknown}
 w - 4 scrolls of amnesia
 A - 2 scrolls of vulnerability {unknown}
 B - a scroll of torment
 P - a scroll of enchant weapon
 T - 2 scrolls of magic mapping
Potions
 d - 7 potions of might
 h - 2 potions of heal wounds
 i - 5 potions of attraction
 j - a potion of invisibility
 z - a potion of resistance
 D - a potion of brilliance
 J - 6 potions of curing
 K - a potion of flight
 Q - a potion of ambrosia


   Skills:
 * Level 8.0 Fighting
 * Level 16.5 Axes
 * Level 5.1 Throwing
 * Level 7.1 Armour
 * Level 5.0 Dodging
 - Level 5.0 Stealth
 * Level 7.3 Shields
 * Level 5.0 Invocations
 * Level 6.0 Evocations


You had 12 spell levels left.
You didn't know any spells.
Your spell library contained the following spells:

 Spells                   Type           Power      Damage    Failure   Level
 Apportation              Tloc           0%         N/A       65%         1
 Freeze                   Ice            0%         1d3       65%         1
 Necrotise                Necr           0%         1d4       65%         1
 Summon Small Mammal      Summ           0%         N/A       65%         1
 Lesser Beckoning         Tloc           0%         N/A       78%         2
 Dazzling Flash           Conj/Hex       0%         N/A       95%         3
 Frozen Ramparts          Ice            0%         1d1       95%         3
 Gell's Gravitas          Tloc           0%         N/A       95%         3
 Hailstorm                Conj/Ice       0%         3d3       95%         3
 Inner Flame              Hex/Fire       0%         N/A       95%         3
 Teleport Other           Tloc           0%         N/A       95%         3
 Tukima's Dance           Hex            0%         N/A       95%         3
 Flame Wave               Conj/Fire      0%         2d4       100%        4
 Manifold Assault         Tloc           0%         N/A       100%        4
 Passage of Golubria      Tloc           0%         N/A       100%        4
 Sticky Flame             Conj/Fire      0%         2d3       100%        4
 Summon Ice Beast         Ice/Summ       0%         N/A       100%        4
 Agony                    Necr           0%         N/A       100%        5
 Alistair's Intoxication  Tmut/Pois      0%         N/A       100%        5
 Borgnjor's Vile Clutch   Necr/Erth      0%         N/A       100%        5
 Fireball                 Conj/Fire      0%         3d3       100%        5
 Iskenderun's Battlesphe  Conj           0%         2d6       100%        5
 Silence                  Hex/Air        0%         N/A       100%        5
 Yara's Violent Unravell  Hex/Tmut       0%         3d3       100%        5
 Conjure Ball Lightning   Conj/Air       0%         3x3d6     100%        6
 Eringya's Noxious Bog    Tmut/Pois      0%         N/A       100%        6
 Orb of Destruction       Conj           0%         9d5       100%        7
 Storm Form               Tmut/Air       0%         N/A       100%        7
 Polar Vortex             Ice            0%         N/A       100%        9
 Blink                    Tloc           Unusable   N/A       N/A         2

Dungeon Overview and Level Annotations

Branches:
Dungeon (11/15)            Temple (1/1) D:7            Lair (5/5) D:10
  Slime (0/5) Lair:5          Orc (0/2) D:9           IceCv (visited)
  Swamp: Lair:2-3    Shoals: Lair:2-3     Snake: Lair:2-3    Spider: Lair:2-3

Altars:
Ashenzari
Cheibriados
Dithmenos
Elyvilon
Fedhas
Gozag
Hepliaklqana
Kikubaaqudgha
Makhleb
Nemelex Xobeh
Okawaru
Qazlal
Ru
Sif Muna
Trog
Uskayaw
Vehumet
Wu Jian
Xom
Yredelemnul
Zin
The Shining One

Shops:
D:2 :   D:6 ?   D:7 (


Innate Abilities, Weirdness & Mutations

You cannot be hasted, slowed, berserked, paralysed or teleported.
You can dig through walls and to a lower floor.
You have a pair of large antennae on your head. (SInv)
Your four strong arms can wield two-handed weapons with a shield.


Message History

You hack one of the five-headed hydra's heads off!
The four-headed hydra grows two more!
You hit the six-headed hydra. You freeze the six-headed hydra.
The six-headed hydra is moderately wounded.
A cane toad comes into view.
You block the six-headed hydra's attack.
The six-headed hydra bites you.
The six-headed hydra bites you but does no damage.
The six-headed hydra barely misses you. The six-headed hydra bites you!
The six-headed hydra bites you.
Unknown command.
Unknown command.
Unknown command.
You completely miss the six-headed hydra.
The six-headed hydra is moderately wounded.
You block the six-headed hydra's attack.
The six-headed hydra bites you! The six-headed hydra misses you.
The six-headed hydra closely misses you.
The six-headed hydra barely misses you.
You block the six-headed hydra's attack.
Unknown command.
Unknown command.
Unknown command.
Unknown command.
A demon appears!
The six-headed hydra bites you.
You block the six-headed hydra's attack. x2
The six-headed hydra bites you. The six-headed hydra misses you.
The six-headed hydra barely misses you.
Unknown command.
Your neqoxec hits the six-headed hydra.
You feel very mighty all of a sudden.
You block the six-headed hydra's attack.
The six-headed hydra barely misses you. The six-headed hydra bites you.
* * * LOW HITPOINT WARNING * * *
The six-headed hydra bites you!
* * * LOW HITPOINT WARNING * * *
The six-headed hydra bites you!
* * * LOW HITPOINT WARNING * * *
The six-headed hydra bites you.
You die...

...........P............
........................
......................YY
........................
........................
.......................l
........[...............
#....†3...F.†.........
####.@D....<..........
###..######.$...... {
#### ##...>... .......
....... { ...... { ...


You could see a six-headed hydra (ally target), a cane toad and a friendly
neqoxec (summoned).

Vanquished Creatures
  Gastronok (D:8)
  A hydra (Lair:4)
  Harold (D:9)
  Erica (D:8)
  Nergalle (D:10)
  2 skysharks (Lair:5)
  2 ugly things (IceCv)
  A cyclops (D:11)
  2 manticores
  23 elephants
  2 ice statues (IceCv)
  4 cane toads
  A kobold demonologist (D:6)
  2 ice devils (D:11)
  2 komodo dragons
  2 trolls (D:9)
  Grinder (D:5)
  15 yaks
  Eustachio (D:6)
  A dire elephant simulacrum (IceCv)
  7 wyverns
  A basilisk (D:10)
  2 steam dragons
  2 vampire mosquitoes (D:11)
  An acid dragon (D:8)
  A floating eye (D:9)
  6 water moccasins
  2 ice beasts (D:7)
  An orc warrior (D:10)
  2 black bears
  3 ogres
  11 centaurs
  3 phantoms (D:5)
  2 kobold brigands (D:7)
  Blork the orc (D:4)
  4 gnoll sergeants
  5 bullfrogs
  2 scorpions
  A cane toad simulacrum (IceCv)
  9 wights
  19 killer bees
  An elephant simulacrum (IceCv)
  2 electric eels (Lair:4)
  A crimson imp (D:9)
  2 jellies
  4 gnoll boudas
  An orc priest (D:6)
  3 hounds
  A sleepcap (D:4)
  Crazy Yiuf (D:7)
  3 iguanas
  Ijyb (D:5)
  5 orc wizards
  2 polar bear simulacra (IceCv)
  37 gnolls
  4 adders
  6 shadow imps
  2 white imps
  3 worms (D:2)
  4 dart slugs
  14 orcs
  3 bats
  10 endoplasms
  4 giant cockroaches
  11 goblins
  2 hobgoblins (D:1)
  6 jackals
  20 kobolds
  4 quokkas
  7 ball pythons
  4 frilled lizards
  6 rats
  2 butterflies (D:3)
327 creatures vanquished.

Vanquished Creatures (others)
  An orc (D:10)
1 creature vanquished.

Grand Total: 328 creatures vanquished

Notes
Turn   | Place    | Note
-------+----------+-------------------------------------------
     0 | D:1      | Dadbod the Formicid Fighter began the quest for the Orb.
     0 | D:1      | Reached XP level 1. HP: 18/18 MP: 1/1
    87 | D:1      | Identified 3 scrolls of acquirement
    87 | D:1      | Acquired the +0 pair of boots of the Secret Planets {-Tele
                  | rPois Will+ Dex+3}
    89 | D:1      | Acquired the scarf of the Zealous Lion {harm, Regen+
                  | Stlth+}
    91 | D:1      | Acquired the +8 frozen axe "Frostbite" {freeze, freezing
                  | cloud, *Noise Fly rC+}
    91 | D:1      | Found the +8 frozen axe "Frostbite" {freeze, freezing
                  | cloud, *Noise Fly rC+}
   138 | D:1      | Reached XP level 2. HP: 24/24 MP: 2/2
   360 | D:1      | Found a faded altar of an unknown god.
   360 | D:1      | Noticed a neqoxec
   389 | D:1      | Reached XP level 3. HP: 29/29 MP: 3/3
   506 | D:1      | Reached skill level 3 in Axes
  1097 | D:2      | Reached XP level 4. HP: 31/35 MP: 4/4
  1149 | D:2      | Reached skill level 4 in Axes
  1320 | D:2      | Found Lemucar's Book Boutique.
  1359 | D:2      | Identified the +2 hand axe "Plog" {drain, +Blink rCorr}
  1780 | D:3      | Found a shimmering altar of Xom.
  1807 | D:3      | Found a glowing silver altar of Zin.
  1909 | D:3      | Found a glowing golden altar of the Shining One.
  1935 | D:3      | Found a stormy altar of Qazlal.
  2470 | D:4      | Noticed Blork the orc
  2475 | D:4      | Killed Blork the orc
  2476 | D:4      | Reached skill level 5 in Axes
  2476 | D:4      | Reached XP level 5. HP: 41/41 MP: 5/5
  2526 | D:4      | Reached XP level 6. HP: 46/47 MP: 6/6
  2606 | D:4      | Reached skill level 6 in Axes
  2643 | D:4      | Found an ornate altar of the Wu Jian Council.
  2776 | D:4      | Found a sparkling altar of Nemelex Xobeh.
  3018 | D:5      | Entered Level 5 of the Dungeon
  3018 | D:5      | Noticed Ijyb
  3023 | D:5      | Killed Ijyb
  3026 | D:5      | Noticed Grinder
  3027 | D:5      | Reached XP level 7. HP: 52/52 MP: 7/7
  3028 | D:5      | Reached skill level 7 in Axes
  3044 | D:5      | Reached skill level 8 in Axes
  3049 | D:5      | Killed Grinder
  3050 | D:5      | Reached XP level 8. HP: 48/58 MP: 8/8
  3065 | D:5      | Reached skill level 9 in Axes
  3269 | D:5      | Reached skill level 10 in Axes
  3396 | D:5      | Reached XP level 9. HP: 53/64 MP: 9/9
  3638 | D:5      | Found a sacrificial altar of Ru.
  3757 | D:6      | Reached skill level 11 in Axes
  3885 | D:6      | Found Bevuivysk's Magic Scroll Shop.
  3893 | D:6      | Bought a scroll of identify for 30 gold pieces
  3893 | D:6      | Bought a scroll of identify for 30 gold pieces
  3893 | D:6      | Bought a scroll of identify for 30 gold pieces
  3972 | D:6      | Noticed Eustachio
  3976 | D:6      | Killed Eustachio
  4106 | D:6      | Found a basalt altar of Yredelemnul.
  4112 | D:6      | Reached skill level 1 in Evocations
  4458 | D:6      | Reached skill level 12 in Axes
  4561 | D:6      | Noticed a kobold demonologist
  4565 | D:6      | Killed a kobold demonologist
  4566 | D:6      | Reached skill level 1 in Dodging
  4723 | D:7      | Reached XP level 10. HP: 59/71 MP: 10/10
  4840 | D:7      | Found a staircase to the Ecumenical Temple.
  4866 | Temple   | Entered the Ecumenical Temple
  5050 | D:7      | Found Voneir's Antique Weapon Shop.
  5076 | D:7      | Found a bloodstained altar of Trog.
  5101 | D:7      | Reached skill level 5 in Shields
  5418 | D:7      | Found a runed translucent door.
  5419 | D:7      | Noticed Crazy Yiuf
  5425 | D:7      | Killed Crazy Yiuf
  5595 | D:8      | Noticed Gastronok
  5606 | D:8      | Killed Gastronok
  5607 | D:8      | Reached skill level 5 in Fighting
  5607 | D:8      | Reached skill level 13 in Axes
  5607 | D:8      | Reached skill level 1 in Throwing
  5687 | D:8      | Noticed Erica
  5697 | D:8      | Killed Erica
  5698 | D:8      | Reached skill level 5 in Armour
  5794 | D:8      | Found an iron altar of Okawaru.
  6186 | D:9      | Reached XP level 11. HP: 80/80 MP: 11/11
  6350 | D:9      | Found a radiant altar of Vehumet.
  6351 | D:9      | Found a burning altar of Makhleb.
  6361 | D:9      | Became a worshipper of Makhleb the Destroyer
  6407 | D:9      | Noticed Harold
  6471 | D:9      | Killed Harold
  6472 | D:9      | Reached skill level 1 in Stealth
  6472 | D:9      | Reached skill level 1 in Invocations
  6476 | D:9      | Reached skill level 14 in Axes
  6754 | D:9      | Found a staircase to the Orcish Mines.
  7219 | D:10     | Entered Level 10 of the Dungeon
  7223 | D:10     | Noticed Nergalle
  7230 | D:10     | Killed Nergalle
  7319 | D:10     | Found an ancient bone altar of Kikubaaqudgha.
  7386 | D:10     | Found a snail-covered altar of Cheibriados.
  7456 | D:10     | Reached * piety under Makhleb
  7836 | D:10     | Found a staircase to the Lair.
  8117 | D:10     | Noticed a manticore
  8130 | D:10     | Killed a manticore
  8131 | D:10     | Reached XP level 12. HP: 57/89 MP: 13/13
  8286 | D:11     | Found a frozen archway.
  8304 | IceCv    | Entered an ice cave
  8341 | IceCv    | Found a transporter.
  8350 | IceCv    | Found a transporter.
  8369 | IceCv    | Reached skill level 15 in Axes
  8377 | IceCv    | Got the Anthology of Hail
  8617 | D:11     | Reached ** piety under Makhleb
  8687 | D:11     | Reached skill level 5 in Evocations
  9272 | Lair:1   | Entered Level 1 of the Lair of Beasts
 10163 | Lair:2   | You are sucked into a shaft and drop 2 floors!
 10277 | Lair:4   | Noticed a five-headed hydra
 10293 | Lair:4   | Killed a ten-headed hydra
 10416 | Lair:4   | Reached XP level 13. HP: 76/96 MP: 14/16
 10438 | Lair:4   | Reached skill level 5 in Stealth
 10441 | Lair:4   | Reached skill level 16 in Axes
 10442 | Lair:4   | Reached *** piety under Makhleb
 10517 | Lair:4   | Identified the +6 falchion "Atimn" {venom, rElec}
 11008 | Lair:5   | Entered Level 5 of the Lair of Beasts
 11008 | Lair:5   | Found a staircase to the Slime Pits.
 11068 | Lair:5   | Reached skill level 5 in Throwing
 11074 | Lair:5   | Reached skill level 5 in Dodging
 11081 | Lair:5   | Reached skill level 5 in Invocations
 11084 | Lair:5   | Noticed a five-headed hydra
 11098 | Lair:5   | HP: 4/98 [six-headed hydra (12)]
 11098 | Lair:5   | Slain by a six-headed hydra

Illustrated notes

Levels and vault maps discovered:
D:1:      psy_arrival_dodecagon, layout_basic,
          dreamdust_ecumenical_altar_sealed_demon
D:2:      layout_loops_cross, serial_shops, shop, minmay_misc_feat_cross,
          glass_columns_c, minmay_ruptured
D:3:      layout_basic, xom_butterflies, nicolae_qazlal_scattered_showers,
          nicolae_overflow_crystal_walls, tso_oasis_becter
D:4:      layout_cave_pools, kennysheep_mini, nicolae_wu_jian_wuxing_cycle,
          serial_column_ruins, column_ruins_circle_small, column_ruins_grid_3,
          column_ruins_open_large, column_ruins_grid_1, column_ruins_grid_1,
          column_ruins_open_tiny, chequers_hall_statues_wall_a,
          chequers_serial_rivers_micro_c, uniq_blork_the_orc
D:5:      minmay_evil_eye, layout_rooms, nicolae_ru_the_path_less_chosen,
          uniq_ijyb, uniq_grinder
D:6:      layout_basic, mainiacjoe_overflow_paths, serial_shops,
          nicolae_shop_tiny_statue_garden, uniq_eustachio
D:7:      layout_basic, trog_three_pillars_becter,
          minmay_temple_entry_antechambers, serial_shops, shop,
          patterned_corridor, uniq_crazy_yiuf_cottage
D:8:      layout_basic, mainiacjoe_overflow_brackets, minmay_misc_feat_rows,
          uniq_erica, uniq_gastronok
D:9:      layout_stronghold, grunt_temple_overflow_lords_of_destruction,
          orc_0_dummy, onia_ninara_cookie, uniq_harold
D:10:     layout_loops_ring, kiku_gazebo_garden_becter, cheibriados_altar_1,
          erik_lair_dragon, reono_crystal_passage, uniq_nergalle
D:11:     layout_big_octagon, portal_ice_cave_demonic_guard
Temple:   hellmonk_temple_forest_ring
Lair:1:   layout_cave_pods, hangedman_lair_unloving_vines, serial_bayou_pond_a,
          st_stairs_4, lemuel_fruit_tree
Lair:2:   minmay_lair_oklob_tunnel, layout_loops_ring,
          elwin_shoals_entry_stream, minmay_snake_entry_six_corridors
Lair:4:   layout_big_grid, chequers_serial_rivers_micro_d,
          chequers_serial_rivers_small_b, serial_bayou_shore_a,
          infiniplex_staircase_pool_2
Lair:5:   cheibrodos_lair_end_hotspot, layout_regular_city, slime_entry_1,
          minmay_stone_trees_small

Skill      XL: |  1  2  3  4  5  6  7  8  9 10 11 12 13 |
---------------+----------------------------------------+-----
Axes           | 3 5 6 8 10 12 13 14 15 16 | 16.5
Evocations     | 1 3 4 5 6 |  6.0
Fighting       | 4 5 6 7 8 |  8.0
Armour         | 4 5 6 7 |  7.1
Dodging        | 1 2 3 4 5 |  5.0
Shields        | 5 6 7 |  7.3
Throwing       | 1 3 4 5 |  5.1
Stealth        | 2 4 5 |  5.0
Invocations    | 2 4 5 |  5.0

Action                     |  1- 3 |  4- 6 |  7- 9 | 10-12 | 13-15 || total
---------------------------+-------+-------+-------+-------+-------++-------
  Melee: War axe           |     7 |       |       |       |       ||     7
         Executioner's axe |    57 |    88 |   100 |   283 |    72 ||   600
  Throw: Boomerang         |       |       |       |     1 |       ||     1
 Invoke: Lesser Servant of |       |       |       |       |     1 ||     1
  Evoke: Wand              |       |       |       |     4 |     6 ||    10
    Use: Scroll            |     3 |       |    16 |     7 |     1 ||    27
         Potion            |       |       |     1 |       |     1 ||     2
   Stab: Sleeping          |     1 |       |       |     3 |     1 ||     5
         Distracted        |       |       |       |     1 |       ||     1
 Armour: Scale mail        |    18 |    37 |    33 |    14 |       ||   102
         Acid dragon scale |       |       |       |    90 |    41 ||   131
  Dodge: Dodged            |    25 |    54 |    68 |   219 |    50 ||   416
  Block: Buckler           |    11 |    18 |    33 |    41 |       ||   103
         Kite shield       |       |       |       |   106 |    59 ||   165
